 Dungeon Crawl Stone Soup version 0.19.0-1-g5985abe (webtiles) character file.

4342 Ladykiller69 the Carver (level 10, 0/77 HPs)
             Began as a Minotaur Gladiator on Nov 2, 2016.
             Was a Believer of Uskayaw.
             Succumbed to a hornet's poison
             ... while paralysed by a hornet
             ... on level 9 of the Dungeon.
             The game lasted 00:28:40 (9303 turns).

Ladykiller69 the Carver (Minotaur Gladiator)        Turns: 9303, Time: 00:28:41

Health: 0/77       AC:  6    Str: 20    XL:     10   Next: 12%
Magic:  9/9        EV:  2    Int:  5    God:    Uskayaw [**....]
Gold:   552        SH:  0    Dex: 14    Spells: 0 memorised, 9 levels left

rFire  . . .     SeeInvis .     O - +0 great sword (curse)
rCold  + . .     Gourm    .     N - +0 leather armour of Death's Door {rC+} (curse)
rNeg   . . .     Faith    .     (shield currently unavailable)
rPois  .         Spirit   .     c - +1 hat
rElec  .         Reflect  .     z - +0 cloak
rCorr  .         Harm     .     (no gloves)
MR     .....                    (no boots)
Stlth  +.........               (no amulet)
                                (no ring)
                                (no ring)

@: paralysed, lethally poisoned (0 -> -33), slowed
A: retaliatory headbutt, horns 2
a: Stomp, Line Pass, Renounce Religion


You were on level 9 of the Dungeon.
You worshipped Uskayaw.
Uskayaw was noncommittal.
You were not hungry.

You visited 2 branches of the dungeon, and saw 10 of its levels.
You also visited: Sewer.

You collected 552 gold pieces.

Inventory:

Hand Weapons
 a - a +0 long sword
 t - a +0 falchion of slicing
 O - a cursed +0 great sword (weapon)
Missiles
 d - 4 throwing nets
 i - 16 tomahawks (quivered)
 j - 270 stones
 K - 16 javelins
Armour
 b - a +0 leather armour
 c - a +1 hat (worn)
 s - a +0 scale mail
 z - a +0 cloak (worn)
 I - a +0 ring mail
 M - a +0 chain mail
 N - the cursed +0 leather armour of Death's Door (worn) {rC+}
   (You found it on level 8 of the Dungeon)

   It protects you from cold.
   It has a curse placed upon it.
Jewellery
 k - an uncursed ring of positive energy {unknown}
Wands
 u - a wand of flame (14/48)
 B - a wand of lightning (0/15)
 D - a wand of paralysis (14/24)
Scrolls
 e - 7 scrolls of teleportation
 l - 2 scrolls of enchant armour
 m - 18 scrolls of identify
 y - a scroll of blinking
 A - a scroll of remove curse {unknown}
 E - 2 scrolls of noise {unknown}
 F - 2 scrolls of magic mapping {unknown}
 H - a scroll of recharging {unknown}
 J - 2 scrolls of random uselessness {unknown}
 L - a scroll of immolation {unknown}
Potions
 g - a potion of haste
 h - 2 potions of berserk rage {unknown}
 n - 2 potions of curing
 o - 4 potions of flight {unknown}
 p - a potion of cancellation {unknown}
 r - 2 potions of invisibility {unknown}
 w - a potion of cure mutation {unknown}
 G - a potion of lignification {unknown}
Comestibles
 f - 4 bread rations
 q - 5 meat rations
 v - 4 slices of pizza
 x - 2 beef jerkies
 C - 7 fruits


   Skills:
 - Level 3.0 Fighting
 * Level 12.4 Long Blades
 - Level 3.0 Throwing
 + Level 8.4 Armour
 + Level 8.6 Dodging
 + Level 1.2 Invocations


You had 9 spell levels left.
You didn't know any spells.

Dungeon Overview and Level Annotations

Branches:
Dungeon (9/15)             Temple (1/1) D:6
   Lair: D:8-11         Orc: D:9-12

Altars:
Ashenzari
Cheibriados
Dithmenos
Elyvilon
Fedhas
Gozag
Hepliaklqana
Kikubaaqudgha
Makhleb
Nemelex Xobeh
Okawaru
Qazlal
Ru
Trog
Uskayaw
Vehumet
Xom
Yredelemnul
Zin
The Shining One

Shops:
D:5 %   D:9 [(%

Annotations:
D:3 Jessica


Innate Abilities, Weirdness & Mutations

You reflexively headbutt those who attack you in melee.
You have a pair of horns on your head.


Message History

You barely miss the hornet.
You headbutt the hornet, but do no damage.
The hornet is almost dead.
You feel very sick.
The hornet stings you but does no damage.
The hornet closely misses you.
Unknown command.
You hit the hornet but do no damage.
The hornet is almost dead.
You feel very sick. The hornet barely misses you. The hornet stings you!
* * * LOW HITPOINT WARNING * * *
You are more poisoned.
You suddenly lose the ability to move!
The hornet stings you!
* * * LOW HITPOINT WARNING * * *
You feel as though you will be slow longer.
* * * LOW HITPOINT WARNING * * *
You feel very sick.
The hornet stings you but does no damage.
You die...

#.# #.##.#
..##<#
#.##.#
#.##.#
##.##.#
.S##.#
#y##.####
#@##....#
#.#####.#
#.# #.# #.#
#.# #.# #.#
#.# #.#
#.#####.#
###.##....#
#...##.####


You could see a hornet and a water moccasin.

Vanquished Creatures
  Pikel (D:6)
  Eustachio (D:5)
  3 yaks (D:9)
  A water moccasin (D:8)
  3 slaves (D:6)
  2 orc warriors
  A sky beast (D:6)
  A hornet zombie (D:4)
  5 ogres
  3 centaurs
  A crocodile (Sewer)
  3 bullfrogs (D:9)
  4 scorpions
  8 killer bees
  4 wights (D:9)
  2 howler monkeys (D:4)
  3 crimson imps
  A bullfrog zombie (D:8)
  3 hounds
  A centaur skeleton (D:4)
  3 orc priests
  2 bullfrog skeletons
  4 iguanas
  A hell rat (D:5)
  5 orc wizards
  5 worker ants
  A howler monkey skeleton (D:3)
  7 adders
  11 gnolls
  10 river rats (D:5)
  A shadow imp (D:9)
  3 adder skeletons
  4 worms
  4 dart slugs
  6 leopard geckos
  26 orcs
  6 giant cockroaches
  2 gnoll zombies (D:3)
  4 hobgoblins
  9 jackals
  4 quokkas
  A ball python (D:4)
  9 bats
  4 frilled lizards
  4 goblins
  2 jackal skeletons
  9 kobolds
  A leopard gecko skeleton (D:6)
  A quokka skeleton (D:5)
  25 rats
225 creatures vanquished.

Vanquished Creatures (others)
  An orc (D:6)
1 creature vanquished.

Grand Total: 226 creatures vanquished

Notes
Turn   | Place    | Note
-------+----------+-------------------------------------------
     0 | D:1      | Ladykiller69 the Minotaur Gladiator began the quest for the Orb.
     0 | D:1      | Reached XP level 1. HP: 18/18 MP: 0/0
   140 | D:1      | Reached XP level 2. HP: 13/25 MP: 1/1
   321 | D:1      | Reached skill level 4 in Long Blades
   554 | D:1      | Reached skill level 1 in Armour
   871 | D:2      | Reached XP level 3. HP: 30/30 MP: 2/2
  1126 | D:2      | Reached XP level 4. HP: 17/37 MP: 3/3
  1589 | D:2      | Found a shattered altar of Ashenzari.
  2029 | D:3      | Found a stormy altar of Qazlal.
  2165 | D:3      | Reached skill level 5 in Long Blades
  2165 | D:3      | Reached XP level 5. HP: 45/45 MP: 4/4
  2351 | D:3      | Found a glowing drain.
  2365 | Sewer    | Entered a sewer
  2397 | Sewer    | Noticed a crocodile
  2410 | Sewer    | Killed a crocodile
  2410 | Sewer    | Reached skill level 6 in Long Blades
  2410 | Sewer    | Reached XP level 6. HP: 7/51 MP: 5/5
  2929 | D:3      | Found a basalt altar of Yredelemnul.
  3004 | D:3      | Noticed Jessica
  3188 | D:4      | Reached skill level 5 in Dodging
  3188 | D:4      | Reached XP level 7. HP: 36/57 MP: 6/6
  3367 | D:4      | Reached skill level 7 in Long Blades
  3906 | D:4      | Found a snail-covered altar of Cheibriados.
  4733 | D:5      | Entered Level 5 of the Dungeon
  4733 | D:5      | Noticed Eustachio
  4890 | D:5      | Found a radiant altar of Vehumet.
  4890 | D:5      | Found Nofanges's Food Shoppe.
  5090 | D:5      | Reached skill level 8 in Long Blades
  5212 | D:5      | Reached skill level 5 in Armour
  5443 | D:5      | Killed Eustachio
  5443 | D:5      | Reached XP level 8. HP: 48/63 MP: 7/7
  6031 | D:6      | Found a staircase to the Ecumenical Temple.
  6069 | D:6      | Reached skill level 9 in Long Blades
  6074 | Temple   | Entered the Ecumenical Temple
  6108 | Temple   | Became a worshipper of Uskayaw the Reveler
  6287 | D:6      | Reached * piety under Uskayaw
  6289 | D:6      | Reached ** piety under Uskayaw
  6354 | D:6      | Noticed Pikel
  6366 | D:6      | Reached *** piety under Uskayaw
  6367 | D:6      | Killed Pikel
  6367 | D:6      | Reached skill level 10 in Long Blades
  6371 | D:6      | Reached **** piety under Uskayaw
  6380 | D:6      | Reached ***** piety under Uskayaw
  6427 | D:6      | Found a glowing golden altar of the Shining One.
  6542 | D:7      | Reached XP level 9. HP: 54/69 MP: 8/8
  7119 | D:7      | Found an iron altar of Okawaru.
  7291 | D:8      | Found an opulent altar of Gozag.
  7422 | D:8      | Reached skill level 11 in Long Blades
  7564 | D:8      | Got a brightly glowing leather armour
  7575 | D:8      | Identified the cursed +0 leather armour of Death's Door {rC+} (You found it on level 8 of the Dungeon)
  7700 | D:8      | Found a shadowy altar of Dithmenos.
  8110 | D:8      | Found a faded altar of an unknown god.
  8110 | D:8      | Found a faded altar of an unknown god.
  8115 | D:8      | Found a faded altar of an unknown god.
  8117 | D:8      | Found a faded altar of an unknown god.
  8119 | D:8      | Found a bloodstained altar of Trog.
  8567 | D:9      | Reached skill level 12 in Long Blades
  8595 | D:9      | Reached XP level 10. HP: 36/77 MP: 9/9
  9084 | D:9      | Reached skill level 1 in Invocations
  9095 | D:9      | Found Xicwor's Armour Shop.
  9213 | D:9      | Found Nirr's Food Boutique.
  9221 | D:9      | Found Bugiomu's Antique Weapon Boutique.
  9301 | D:9      | Paralysed by a hornet for 3 turns
  9302 | D:9      | HP: 3/77 [poisoned by a hornet]
  9303 | D:9      | Succumbed to a hornet's poison

Skill      XL: |  1  2  3  4  5  6  7  8  9 10 |
---------------+-------------------------------+-----
Long Blades    | 4 5 6 8 10 12 | 12.4
Armour         | 1 2 3 5 6 8 |  8.4
Fighting       | 3 |  3.0
Throwing       | 3 |  3.0
Dodging        | 4 5 6 7 8 |  8.6
Invocations    | 1 |  1.2

Action                   |  1- 3 |  4- 6 |  7- 9 | 10-12 || total
-------------------------+-------+-------+-------+-------++-------
Melee: Long sword        |    56 |    80 |       |       ||   136
       Headbutt          |    11 |    18 |    96 |    13 ||   138
       Falchion          |       |    45 |   400 |    47 ||   492
       Great sword       |       |       |       |    10 ||    10
Throw: Tomahawk          |       |       |     9 |       ||     9
Invok: Stomp             |       |       |     1 |     2 ||     3
       Line Pass         |       |       |     1 |       ||     1
Evoke: Wand              |       |     2 |     2 |       ||     4
  Use: Scroll            |       |     3 |       |     1 ||     4
       Potion            |       |     2 |     1 |       ||     3
 Stab: Paralysed         |       |       |     9 |     1 ||    10
       Confused          |       |       |     1 |       ||     1
  Eat: Chunk             |     1 |     7 |    16 |     1 ||    25
       Beef jerky        |       |       |     1 |     1 ||     2
Armor: Leather armour    |    13 |     2 |     8 |     9 ||    32
       Scale mail        |       |    39 |   100 |       ||   139
Dodge: Dodged            |    38 |    80 |   224 |    35 ||   377
       Rpst.: Long sword |     9 |    14 |       |       ||    23
       Falchion          |       |     8 |    60 |     6 ||    74
       Great sword       |       |       |       |     3 ||     3
